 Dungeon Crawl Stone Soup version 0.25.0-15-gac7dcb8919 (webtiles) character file.

Game seed: 3637607196900403169

80 Curus the Chopper (level 4, 0/58 HPs)
             Began as a Hill Orc Berserker on June 29, 2020.
             Was a Believer of Trog.
             Slain by a gnoll
             ... wielding a +0 spear
              (8 damage)
             ... on level 2 of the Dungeon.
             The game lasted 00:05:18 (1383 turns).

Curus the Chopper (Hill Orc Berserker)              Turns: 1383, Time: 00:05:18

Health: 0/58       AC:  2    Str: 19    XL:     4   Next: 39%
Magic:  4/4        EV: 11    Int:  7    God:    Trog [**....]
Gold:   44         SH:  3    Dex: 11    Spells: 3/3 levels left

rFire    . . .     SeeInvis .   a - +1 hand axe
rCold    . . .     Gourm    .   i - +0 buckler
rNeg     . . .     Faith    .   b - +0 animal skin
rPois    .         Spirit   .   (no helmet)
rElec    .         Reflect  .   (no cloak)
rCorr    .         Harm     .   (no gloves)
MR       .....                  (no boots)
Stlth    ..........             f - amulet of inaccuracy (curse)
HPRegen  0.19/turn              j - ring of wizardry
MPRegen  0.09/turn              (no ring)

@: berserking, very quick
A: no striking features
a: Berserk, Trog's Hand, Renounce Religion


You were on level 2 of the Dungeon.
You worshipped Trog.
Trog was pleased with you.
You were not hungry.

You visited 1 branch of the dungeon, and saw 2 of its levels.

You collected 44 gold pieces.

Inventory:

Hand Weapons
 a - a +1 hand axe (weapon)
Armour
 b - a +0 animal skin (worn)
 i - a +0 buckler (worn)
Jewellery
 f - a cursed amulet of inaccuracy (around neck)
 h - an uncursed amulet of reflection {unknown}
 j - a ring of wizardry (left hand)
Scrolls
 e - a scroll of teleportation
Potions
 g - a potion of heal wounds
Comestibles
 c - 2 rations
 d - a chunk of flesh


   Skills:
 - Level 3.6 Fighting
 + Level 6.7 Axes
 - Level 2.1 Armour
 - Level 1.5 Dodging


You had 3 spell levels left.
You didn't know any spells.
Your spell library was empty.

Dungeon Overview and Level Annotations

Branches:
Dungeon (2/15)

Altars:

Annotations:
D:2 Terence


Message History

* * * LOW HITPOINT WARNING * * *
You miss Terence.
Terence is moderately wounded.
You closely miss the gnoll.
Terence hits you with a +1 short sword of speed.
* * * LOW HITPOINT WARNING * * *
The gnoll barely misses you.
You hit Terence.
Terence is moderately wounded.
You slash the gnoll! You block Terence's attack. The gnoll hits you.
* * * LOW HITPOINT WARNING * * *
You hit Terence.
Terence is heavily wounded.
You slash the gnoll!
You kill the gnoll!
Trog accepts your kill.
Terence hits you with a +1 short sword of speed.
* * * LOW HITPOINT WARNING * * *
The gnoll hits you from afar with a +0 spear!
You die...

#................##
#.................## ..
#...............#..### ..##
#................#...##
....###......................
......##.............###.....
.......#.....#.....## ....
#.......########## ...
...##.....g†@....... ..
..........g@#....... .
........#.#.........
....#...#.###.......
........... .......
#.####...... ....... #......
....... #..............
#...$.


You could see Terence (fast) and 2 gnolls.

Vanquished Creatures
  4 gnolls (D:2)
  An ooze (D:1)
  2 dart slugs
  A giant cockroach (D:2)
  7 goblins (D:1)
  5 hobgoblins
  6 bats
  3 frilled lizards (D:1)
  2 kobolds (D:1)
  4 rats
35 creatures vanquished.

Notes
Turn   | Place    | Note
-------+----------+-------------------------------------------
     0 | D:1      | Curus the Hill Orc Berserker began the quest for the Orb.
     0 | D:1      | Reached XP level 1. HP: 19/19 MP: 1/1
   124 | D:1      | Reached XP level 2. HP: 22/26 MP: 2/2
   310 | D:1      | Reached skill level 5 in Axes
   731 | D:1      | Reached XP level 3. HP: 30/31 MP: 3/3
   794 | D:1      | Reached ** piety under Trog
  1071 | D:2      | Reached skill level 6 in Axes
  1079 | D:2      | Reached XP level 4. HP: 9/39 MP: 4/4
  1364 | D:2      | Noticed Terence
  1383 | D:2      | Slain by a gnoll

Illustrated notes

Levels and vault maps discovered:
D:1:      psy_arrival_terrarium, layout_rooms, minmay_tetromino_t4
D:2:      layout_rooms, first_ration, uniq_terence

Skill      XL: |  1  2  3 |
---------------+----------+-----
Axes           | 5 6 |  6.7
Fighting       | |  3.6
Armour         | |  2.1
Dodging        | |  1.5

Action                   |  1- 3 |  4- 6 || total
-------------------------+-------+-------++-------
Melee: Hand axe          |   101 |    12 ||   113
Invok: Berserk           |     2 |     1 ||     3
  Use: Scroll            |     6 |       ||     6
       Potion            |     1 |     1 ||     2
  Eat: Chunk             |     2 |     2 ||     4
Armor: Animal skin       |    21 |     2 ||    23
Dodge: Dodged            |    74 |    13 ||    87
Block: Buckler           |       |     5 ||     5
